 Dungeon Crawl Stone Soup version 0.20-b1 (webtiles) character file.

312 mopl the Sneak (level 6, 0/51 HPs)
             Began as a Deep Elf Assassin on May 19, 2017.
             Slain by a jelly (1 damage)
             ... on level 4 of the Dungeon.
             The game lasted 00:06:18 (2723 turns).

mopl the Sneak (Deep Elf Assassin)                  Turns: 2723, Time: 00:06:18

Health: 0/51       AC: 15    Str:  8    XL:     6   Next: 18%
Magic:  0/8        EV:  2    Int: 21    God:
Gold:   143        SH:  0    Dex: 18    Spells: 2/5 levels left

rFire    . . .     SeeInvis .   a - +2 dagger
rCold    . . .     Gourm    .   (no shield)
rNeg     + + +     Faith    .   (armour currently unavailable)
rPois    +         Spirit   +   (helmet currently unavailable)
rElec    .         Reflect  .   (cloak currently unavailable)
rCorr    .         Harm     .   (gloves currently unavailable)
MR       .....     NoTele   +   (boots currently unavailable)
Stlth    ++++......             i - amulet of guardian spirit
Regen    0.2/turn               w - ring of wizardry
MPRegen  0.2/turn               (no ring)

@: brilliant, tree-form, corroded
A: no striking features
a: no special abilities


You were on level 4 of the Dungeon.
You were hungry.
You were a tree.
You visited 1 branch of the dungeon, and saw 5 of its levels.

You collected 143 gold pieces.

Inventory:

Hand Weapons
 a - a +2 dagger (weapon)
 b - a +0 blowgun
Missiles
 e - 23 poisoned needles
 f - 2 curare-tipped needles
Armour
 c - a +0 robe (melded)
 d - a +0 cloak (melded)
 r - a +0 shield
Jewellery
 i - an amulet of guardian spirit (around neck)
 w - a ring of wizardry (left branch)
Scrolls
 h - 2 scrolls of fear
 j - 2 scrolls of remove curse
 k - a scroll of amnesia {unknown}
 l - 2 scrolls of teleportation {unknown}
 m - a scroll of enchant armour {unknown}
 o - 2 scrolls of noise {unknown}
 p - 3 scrolls of immolation {unknown}
 q - 2 scrolls of enchant weapon {unknown}
 s - 3 scrolls of fog {unknown}
 v - 2 scrolls of recharging {unknown}
 y - a scroll of random uselessness {unknown}
Potions
 n - 2 potions of brilliance
 u - a potion of haste
 x - 2 potions of lignification {!q}
 z - a potion of invisibility
Books
 A - a book of Misfortune

   Spells                             Type                      Level
   a - Confusing Touch                Hexes                        1
   b - Confuse                        Hexes                        3
   c - Gell's Gravitas                Translocation                3
   d - Petrify                        Transmutation/Earth          4
   e - Metabolic Englaciation         Hexes/Ice                    5
   f - Yara's Violent Unravelling     Hexes/Transmutation          5
Comestibles
 g - 4 bread rations
 t - 5 chunks of flesh


   Skills:
 - Level 1.5 Fighting
 + Level 3.6 Short Blades
 + Level 3.3 Throwing
 - Level 1.2 Dodging
 * Level 7.4 Stealth
 * Level 2.3 Hexes


You had 2 spell levels left.
You knew the following spells:

 Your Spells              Type           Power        Failure   Level  Hunger
c - Confuse               Hex            ###.....     2%          3    ####...


Dungeon Overview and Level Annotations

Branches:
Dungeon (5/15)
 Temple: D:4-7

Altars:

Annotations:
D:3 Ijustatesigmund's ghost, amateur DrCj


Message History

The jelly is severely wounded.
The jelly hits you but does no damage.
Unknown command.
Okay, then.
It was a potion of brilliance.
You feel clever all of a sudden. The jelly hits you but does no damage.
Casting: Confuse
Confirm with . or Enter, or press ? or * to list all spells.
You don't have enough magic to cast that spell.
Unknown command.
You hit the jelly.
Your branches burn!
* * * LOW HITPOINT WARNING * * *
The jelly is severely wounded.
The jelly hits you but does no damage.
You hit the jelly but do no damage.
Your branches burn!
* * * LOW HITPOINT WARNING * * *
The jelly is severely wounded.
The jelly hits you.
You die...

...# #.....#.#
...#######.......#
...##....#....#..###
...##....######....#
...##....# #....# ...##....#
#....# .####....######....#
.##.............J).#
.##...#.........♣..#
.##...#.........####
.##...#.........############
.##...#....................#
.#....#....................#
.#...##....................#
.#...##.............)......#
........######...###########
........# #...#


You could see a jelly.

Vanquished Creatures
  2 ogres
  A scorpion (D:4)
  4 adders
  2 leopard geckos
  2 orcs
  3 giant cockroaches
  11 hobgoblins
  5 jackals
  4 bats
  4 frilled lizards
  8 goblins
  4 kobolds
  2 rats
52 creatures vanquished.

Vanquished Creatures (others)
  5 toadstools (D:1)
5 creatures vanquished.

Grand Total: 57 creatures vanquished

Notes
Turn   | Place    | Note
-------+----------+-------------------------------------------
     0 | D:1      | mopl the Deep Elf Assassin began the quest for the Orb.
     0 | D:1      | Reached XP level 1. HP: 12/12 MP: 3/3
   206 | D:1      | Reached skill level 5 in Stealth
   210 | D:1      | Reached XP level 2. HP: 13/16 MP: 2/4
  1113 | D:2      | Reached XP level 3. HP: 19/20 MP: 5/5
  1560 | D:2      | Reached skill level 6 in Stealth
  1737 | D:3      | Reached XP level 4. HP: 25/25 MP: 6/6
  1827 | D:3      | Noticed an ogre
  1865 | D:3      | Killed an ogre
  1865 | D:3      | Reached skill level 3 in Short Blades
  1865 | D:3      | Reached skill level 3 in Throwing
  1865 | D:3      | Reached XP level 5. HP: 27/29 MP: 7/7
  2067 | D:3      | Noticed Ijustatesigmund's ghost (amateur DrCj)
  2249 | D:4      | Learned a level 3 spell: Confuse
  2446 | D:4      | Reached skill level 7 in Stealth
  2446 | D:4      | Reached skill level 1 in Hexes
  2521 | D:4      | Noticed an ogre
  2523 | D:4      | Killed an ogre
  2523 | D:4      | Reached skill level 2 in Hexes
  2523 | D:4      | Reached XP level 6. HP: 34/34 MP: 8/8
  2615 | D:5      | Entered Level 5 of the Dungeon
  2723 | D:4      | HP: 1/51 [acid (3)]
  2723 | D:4      | Slain by a jelly

Skill      XL: |  1  2  3  4  5 |
---------------+----------------+-----
Stealth        | 5 6 7 |  7.4
Short Blades   | 3 |  3.6
Throwing       | 3 |  3.3
Hexes          | 2 |  2.3
Fighting       | |  1.5
Dodging        | |  1.2

Action                   |  1- 3 |  4- 6 || total
-------------------------+-------+-------++-------
Melee: Dagger            |    89 |    47 ||   136
 Fire: Blowgun           |    37 |    15 ||    52
  Use: Scroll            |       |     5 ||     5
       Potion            |       |     2 ||     2
 Stab: Sleeping          |     9 |     3 ||    12
       Distracted        |       |     1 ||     1
  Eat: Chunk             |     2 |     3 ||     5
Armor: Robe              |    12 |     6 ||    18
       Skin              |       |    10 ||    10
Dodge: Dodged            |    69 |    16 ||    85
